AoeStats
← Mob Psycho 100

Arena

510195074Analyzed
3v3 RM · 3d ago on Sep 29, 2026· 36m 46s· 6 players
Game mode
Random Map
Map size
Normal (6 player)
Population
200
Speed
Normal
Resources
Standard
Victory
Conquest
Starting age
Dark Age
Ending age
Imperial Age
RankedLock teamsTeams togetherTeam positionsShared explorationLock speedFull tech treeHidden civsTurbo modeCheats
Victory
Defeat
🇲🇽 Franks · Mexico
1108
+15
🇨🇦 Persians · Canada
1087
+16
🇺🇸 Koreans · United States
1051
+18
🇩🇰 Hindustanis · Denmark
1117
-17
🇬🇧 Persians · United Kingdom
1098
-17
🇧🇴 Britons · Bolivia
1047
-15
Thorin escudo de Roble
9:22 Feudal Age
14:49 Castle Age
12:55 Double-Bit Axe
13:49 Stone Mining
15:31 Wheelbarrow
20:54 Gold Mining
23:06 Hand Cart
24:10 Gold Shaft Mining
24:38 Bow Saw
29:04 Imperial Age
26:35 Gambesons
26:51 Squires
27:07 Forging
26:58 Scale Mail Armor
29:13 Iron Casting
28:53 Chain Mail Armor
29:54 Ballistics
30:25 Conscription
31:11 Chemistry
31:15 Blast Furnace
32:07 Plate Mail Armor
31:48 Arson
32:27 Elite Throwing Axeman
35:30 Siege Engineers
iamstacked
5:02 Loom
7:23 Feudal Age
19:58 Castle Age
19:01 Horse Collar
19:41 Double-Bit Axe
22:18 Bow Saw
23:09 Heavy Plow
28:06 Wheelbarrow
30:46 Gold Mining
30:46 Stone Mining
31:41 Hand Cart
31:58 Scale Barding Armor
34:30 Imperial Age
32:41 Gold Shaft Mining
32:43 Stone Shaft Mining
32:59 Chain Barding Armor
32:52 Bloodlines
32:42 Husbandry
34:25 Forging
34:36 Elite War Elephant
36:21 Two-Man Saw
35:52 Crop Rotation
37:01 Conscription
37:43 Iron Casting
37:47 Plate Barding Armor
My Baby Shot Me Down
7:00 Loom
11:11 Feudal Age
16:02 Castle Age
14:27 Double-Bit Axe
14:25 Horse Collar
14:36 Stone Mining
19:17 Bow Saw
23:11 Heavy Plow
24:21 Fletching
27:17 Wheelbarrow
26:27 Town Watch
27:40 Eupseong
29:55 Bodkin Arrow
30:05 Gold Mining
31:27 Gold Shaft Mining
34:27 Imperial Age
32:14 Hand Cart
32:49 Pikeman
33:29 Squires
33:43 Forging
33:33 Scale Mail Armor
33:40 Squires
33:28 Arson
33:45 Town Watch
35:33 Iron Casting
35:31 Conscription
35:37 Chain Mail Armor
35:22 Halberdier
38:08 Two-Man Saw
Ëroo
11:29 Feudal Age
13:13 Double-Bit Axe
15:30 Castle Age
14:00 Horse Collar
16:48 Bow Saw
24:28 Wheelbarrow
23:39 Loom
24:32 Heavy Plow
24:30 Gold Mining
24:31 Stone Mining
32:30 Imperial Age
30:24 Ballistics
30:44 Husbandry
30:54 Bloodlines
30:53 Scale Barding Armor
30:58 Forging
31:57 Hand Cart
32:48 Chain Barding Armor
33:04 Iron Casting
32:55 Heavy Camel Rider
34:35 Plate Barding Armor
36:02 Blast Furnace
< blank >
3:53 Loom
11:53 Feudal Age
16:56 Castle Age
14:50 Double-Bit Axe
14:55 Horse Collar
25:01 Gold Mining
29:44 Forging
29:41 Scale Barding Armor
31:46 Iron Casting
31:31 Chain Barding Armor
31:16 Husbandry
31:26 Bloodlines
32:53 Wheelbarrow
34:12 Hand Cart
Mob Psycho 100
8:24 Feudal Age
14:02 Castle Age
25:43 Fletching
27:15 Loom
29:37 Horse Collar
30:16 Bodkin Arrow
30:13 Double-Bit Axe
34:22 Imperial Age
32:14 Bow Saw
33:43 Wheelbarrow
33:12 Heavy Plow
34:44 Gold Mining
35:41 Stone Mining
Connection lost

Rejoining the realm…

Still unreachable

The connection could not be restored.

Session expired

The server has moved on; the page needs a fresh start.